 Dungeon Crawl Stone Soup version 0.15.0-27-gbdb0435 (console) character file.

391 gw the Ruffian (level 6, -1/61 HPs)
             Began as a Troll Monk on Sept 10, 2014.
             Was a Priest of Qazlal.
             Slain by Pikel
             ... wielding a +0 whip of freezing
              (7 damage)
             ... on Level 5 of the Dungeon.
             The game lasted 00:03:24 (3965 turns).

gw the Ruffian (Troll Monk)                         Turns: 3965, Time: 00:03:24

HP  -1/61        AC  7     Str 20      XL: 6   Next: 50%
MP   3/6         EV 11     Int  6      God: Qazlal [***...]
Gold 0           SH  3     Dex 14      Spells:  0 memorised,  5 levels left

rFire  . . .     SeeInvis .       - Unarmed
rCold  . . .     Clarity  .     a - +2 robe
rNeg   + . .     rCorr    .     (shield restricted)
rPois  .         rRot     .     (helmet restricted)
rElec  .         Spirit   .     (no cloak)
SustAb .         Warding  +     (gloves unavailable)
rMut   .         Stasis   .     (boots unavailable)
Gourm  +                        k - amulet of warding
MR     .....                    (no ring)
                                (no ring)

@: not resistant to hostile enchantments, very unstealthy
A: unfitting armour, claws 3, fast metabolism 3, gourmand, regeneration 2,
saprovore 2, shaggy fur 1, tough skin 2
a: Upheaval, Elemental Force, Renounce Religion


You were on level 5 of the Dungeon.
You worshipped Qazlal.
Qazlal was most pleased with you.
You were completely stuffed.

You visited 1 branch of the dungeon, and saw 5 of its levels.

Inventory:

Missiles
 c - 88 stones (quivered)
Armour
 a - a +2 robe (worn)
Comestibles
 b - 4 meat rations
 g - a bread ration
 j - 2 beef jerkies
Scrolls
 d - a scroll of remove curse
 e - 2 scrolls of identify
Jewellery
 k - an amulet of warding (around neck)
Potions
 f - 2 potions of magic
 i - 2 potions of curing


   Skills:
 + Level 3.3 Fighting
 + Level 1.6 Throwing
 + Level 3.4 Dodging
 - Level 1.1 Stealth
 + Level 5.1 Unarmed Combat
 * Level 3.1 Invocations


You had 5 spell levels left.
You didn't know any spells.

Dungeon Overview and Level Annotations

Branches:
Dungeon (5/15)             Temple (0/1) D:4

Altars:
Nemelex Xobeh
Okawaru
Qazlal

Annotations:
D:5 Pikel


Innate Abilities, Weirdness & Mutations

You are too large for most types of armour.
You have claws for hands.
Your metabolism is lightning-fast.
You like to eat raw meat.
You heal very quickly.
You can eat rotten meat.
You are covered in fur (AC +1).
You have very tough skin (AC +2).


Message History

Something freezes you. The slave hits you but does no damage.
The ogre barely misses you. The adder closely misses you.
ATTACKING (-1,-1)
You miss the adder. The adder bites you but does no damage.
Something completely misses you. You block the adder's attack.
The slave hits you but does no damage. The ogre hits you with a giant club!!
The adder bites you but does no damage.
ATTACKING (-1,-1)
You scratch the adder.
The adder begins to bleed from its wounds!
The adder is heavily wounded.
The adder bites you but does no damage. Something hits you.
Something freezes you. You block the adder's attack.
The slave hits you but does no damage.
ATTACKING (-1,-1)
You claw the adder!
You kill the adder!
Qazlal accepts your kill. The adder bites you. The ogre barely misses you.
Something hits you!
You die...

. #.## ##.#.
#.b.. ###.... ..
........## #...
#..####....(
##...ยค.......
##.p.Tp.......
##...OS#..#....
..#.........##...
#..........(([#
#.........(##....
#.....##.<.# ##.
..... #..##
..........#
....#....#


You could see an ogre, 2 slaves, an adder and a bat.

Table legend:
 A = Turns spent in this place as a percentage of turns spent in the entire game.
 B = Non-inter-level travel turns spent in this place as a percentage of non-inter-level travel turns spent in the entire game.
 C = Inter-level travel turns spent in this place as a percentage of turns spent in this place.
 D = Turns resting spent in this place as a percentage of non-inter-level travel turns spent in this place.
 E = Turns spent auto-exploring this place as a percentage of non-inter-level travel turns spent in this place.
 F = Non-inter-level travel turns spent in this place divided by the number of levels of this place that you've seen.
                   A       B       C       D       E      F
               +-------+-------+-------+-------+-------+----------------------
         Total | 100.0 | 100.0 |   4.4 |   0.7 |   8.6 | 356.2
       Dungeon | 100.0 | 100.0 |   4.4 |   0.7 |   8.6 | 356.2
               +-------+-------+-------+-------+-------+----------------------

Table legend:
 A = Kills in this place as a percentage of kills in entire the game.
 B = Kills by you in this place as a percentage of kills by you in the entire game.
 C = Kills by friends in this place as a percentage of kills by friends in the entire game.
 D = Other kills in this place as a percentage of other kills in the entire game.
 E = Experience gained in this place as a percentage of experience gained in the entire game.
 F = Experience gained in this place divided by the number of levels of this place that you have seen.
                   A       B       C       D       E      F
               +-------+-------+-------+-------+-------+----------------------
         Total | 100.0 | 100.0 |  -nan |  -nan | 100.0 | 111.8
       Dungeon | 100.0 | 100.0 |  -nan |  -nan | 100.0 | 111.8
               +-------+-------+-------+-------+-------+----------------------

Vanquished Creatures
  Eustachio (D:4)
  2 slaves (D:5)
  A centaur skeleton (D:4)
  A hound (D:4)
  Ijyb (D:2)
  Jessica (D:3)
  7 adders
  A shadow imp (D:4)
  A worm (D:2)
  2 oozes
  An orc (D:4)
  13 bats
  5 giant cockroaches
  10 hobgoblins
  8 jackals (D:1)
  15 kobolds
  2 quokkas (D:4)
  A giant gecko skeleton (D:4)
  6 giant newts
  8 goblins
  15 rats
102 creatures vanquished.

Notes
Turn   | Place    | Note
--------------------------------------------------------------
     0 | D:1      | gw, the Troll Monk, began the quest for the Orb.
     0 | D:1      | Reached XP level 1. HP: 22/22 MP: 1/1
   145 | D:1      | Reached XP level 2. HP: 26/29 MP: 1/1
   755 | D:1      | Reached XP level 3. HP: 36/36 MP: 2/2
  1508 | D:2      | Found a stormy altar of Qazlal.
  1523 | D:2      | Became a worshipper of Qazlal Stormbringer
  1523 | D:2      | Acquired Qazlal's first power
  1523 | D:2      | Acquired Qazlal's second power
  1545 | D:2      | Noticed Ijyb
  1554 | D:2      | Killed Ijyb
  2031 | D:2      | Reached XP level 4. HP: 44/44 MP: 2/2
  2485 | D:3      | Reached skill level 1 in Invocations
  2592 | D:3      | Found an iron altar of Okawaru.
  2699 | D:3      | Reached skill level 1 in Throwing
  2787 | D:3      | Noticed Jessica
  2791 | D:3      | Killed Jessica
  2800 | D:3      | Reached XP level 5. HP: 52/52 MP: 3/3
  3166 | D:4      | Found a sparkling altar of Nemelex Xobeh.
  3198 | D:4      | Noticed Eustachio
  3247 | D:4      | Killed Eustachio
  3247 | D:4      | Reached skill level 5 in Unarmed Combat
  3247 | D:4      | Reached XP level 6. HP: 59/61 MP: 3/5
  3444 | D:4      | Acquired Qazlal's third power
  3637 | D:4      | Found a staircase to the Ecumenical Temple.
  3944 | D:5      | Entered Level 5 of the Dungeon
  3951 | D:5      | Noticed Pikel
  3965 | D:5      | Slain by Pikel

Action                   |  1- 3 |  4- 6 || total
-------------------------+-------+-------++-------
Melee: Unarmed           |    97 |   133 ||   230
Throw: Stone             |   176 |    88 ||   264
       Large rock        |     1 |    13 ||    14
Invok: Upheaval          |       |     1 ||     1
  Use: Scroll            |     3 |     6 ||     9
       Potion            |     1 |     3 ||     4
  Eat: Chunk             |    20 |    22 ||    42

Vault maps used:
D:1:      dpeg_arrival_solitude, serial_bayou_pond_d
D:2:      grunt_qazlal_sundering, uniq_iyjb
D:3:      okawaru_ov_weapons_minmay, uniq_jessica
D:4:      lemuel_temple_firewalk, first_bread, interstate_on_off, st_stairs_13,
          nemelex_xobeh_ov_fountains_minmay, uniq_eustachio
D:5:      kennysheep_mini_moat, elyvilon_altar_5, dk_vineyard_1, uniq_pikel
